 Dungeon Crawl Stone Soup version 0.22-a0-848-ge9e22a0 (webtiles) character file.

104 opiumtea the Magician (level 4, -3/30 HPs)
             Began as a Merfolk Summoner on July 26, 2018.
             Killed by divine providence
             ... invoked by an orc priest
              (12 damage)
             ... on level 3 of the Dungeon on July 27, 2018.
             The game lasted 00:15:07 (3619 turns).

opiumtea the Magician (Merfolk Summoner)            Turns: 3619, Time: 00:15:08

Health: -3/30      AC:  3    Str:  8    XL:     4   Next: 80%
Magic:  2/10       EV: 28    Int: 15    God:
Gold:   123        SH:  0    Dex: 14    Spells: 2/11 levels left

rFire    . . .     SeeInvis .   i - staff of summoning
rCold    . . .     Gourm    .   (no shield)
rNeg     . . .     Faith    .   a - +1 robe
rPois    .         Spirit   .   (no helmet)
rElec    .         Reflect  .   (no cloak)
rCorr    .         Harm     .   (no gloves)
MR       .....                  (no boots)
Stlth    ++........             m - amulet of the acrobat
HPRegen  0.10/turn              (no ring)
MPRegen  0.12/turn              (no ring)

@: no status effects
A: change form in water, swift swim, stealthy swim
a: no special abilities


You were on level 3 of the Dungeon.
You were not hungry.

You visited 1 branch of the dungeon, and saw 3 of its levels.

You collected 123 gold pieces.

Inventory:

Hand Weapons
 f - a +0 halberd
Missiles
 e - 6 poisoned javelins (quivered)
Armour
 a - a +1 robe (worn)
Magical Staves
 i - an uncursed staff of summoning (weapon)
Jewellery
 m - an amulet of the acrobat (around neck)
Scrolls
 d - 3 scrolls of enchant armour
 h - 2 scrolls of identify
 l - a scroll of remove curse
Potions
 b - 2 potions of haste
 g - a potion of lignification
 j - 2 potions of curing
 k - a potion of heal wounds
Comestibles
 c - a ration
 n - 3 chunks of flesh


   Skills:
 - Level 1.7 Polearms
 - Level 2.6 Dodging
 - Level 2.1 Stealth
 + Level 4.3 Spellcasting
 - Level 4.0 Summonings


You had 2 spell levels left.
You knew the following spells:

 Your Spells              Type           Power        Failure   Level  Hunger
a - Summon Small Mammal   Summ           ###.         3%          1    None
b - Call Imp              Summ           ###.....     5%          2    ##.....
c - Summon Guardian Gole  Hex/Summ       ##......     24%         3    ###....
d - Call Canine Familiar  Summ           ###.....     11%         3    ###....

Your spell library contained the following spells:

 Spells                   Type           Power        Failure   Level  Hunger
 Confuse                  Hex            #.......     47%         3    ###....
 Summon Ice Beast         Ice/Summ       ##......     61%         4    ####...
 Confusing Touch          Hex            #.....       19%         1    None
 Metabolic Englaciation   Hex/Ice        #.........   99%         5    ######.
 Petrify                  Tmut/Erth      #.......     87%         4    ####...
 Summon Lightning Spire   Summ/Air       ##......     61%         4    ####...
 Gell's Gravitas          Tloc           #.........   47%         3    ###....
 Yara's Violent Unravell  Hex/Tmut       #.........   99%         5    ######.


Dungeon Overview and Level Annotations

Branches:
Dungeon (3/15)

Altars:
Ashenzari


Message History

The orc priest completely misses your guardian golem.
The orc priest hits your hound.
Your hound barely misses the orc priest.
Your hound closely misses the orc priest.
The orc priest hits your guardian golem but does no damage.
Your hound closely misses the orc.
The orc priest hits your guardian golem.
The orc priest invokes the aid of Beogh against you.
Beogh smites you!
* * * LOW HITPOINT WARNING * * *
Your hound closely misses the orc priest.
The orc hits your hound but does no damage.
Your hound closely misses the orc priest.
The orc priest hits your guardian golem but does no damage. x2
The orc barely misses your hound.
Your hound bites the orc.
The orc priest hits your guardian golem.
Your hound bites the orc priest.
The orc priest calls down the wrath of Beogh upon you.
Beogh smites you!
You die...

##################
.............5...#
################.# #.# #.# #@#
#.# ########## ########.#
#........###
#########.....##8#####........#..
5.......'....>'hoo...............
#########..)..##o#####...........
#.....##.# #.....†.....
#.....##.# #...........
#.....##.# #########...


You could see 2 orc priests, an orc, a friendly guardian golem and a friendly
hound.

Vanquished Creatures
  A gnoll (D:1)
  An adder (D:2)
  A dart slug (D:1)
  2 leopard geckos
  2 giant cockroaches (D:1)
  3 goblins (D:1)
  2 hobgoblins
  2 jackals (D:1)
  2 kobolds
  2 bats
  A frilled lizard (D:2)
  3 rats
22 creatures vanquished.

Vanquished Creatures (collateral kills)
  6 adders
  2 oozes (D:3)
  A worm (D:2)
  3 dart slugs
  2 leopard geckos
  2 orcs (D:3)
  2 goblins
  5 hobgoblins
  4 kobolds
  4 bats
  4 frilled lizards
  A rat (D:1)
36 creatures vanquished.

Grand Total: 58 creatures vanquished

Notes
Turn   | Place    | Note
-------+----------+-------------------------------------------
     0 | D:1      | opiumtea the Merfolk Summoner began the quest for the Orb.
     0 | D:1      | Reached XP level 1. HP: 13/13 MP: 3/3
    66 | D:1      | Reached XP level 2. HP: 19/19 MP: 3/5
    70 | D:1      | Learned a level 2 spell: Call Imp
   200 | D:1      | Reached skill level 1 in Polearms
   215 | D:1      | Reached XP level 3. HP: 24/24 MP: 5/7
   239 | D:1      | Learned a level 3 spell: Summon Guardian Golem
  1606 | D:2      | Reached XP level 4. HP: 30/30 MP: 1/9
  1611 | D:2      | Learned a level 3 spell: Call Canine Familiar
  3303 | D:3      | Found a shattered altar of Ashenzari.
  3619 | D:3      | Killed from afar by an orc priest

Vault maps used:
D:1:      minmay_arrival_split_and_join
D:3:      chequers_ecumenical_altar_simple, nicolae_ashenzari_panopticon

Skill      XL: |  1  2  3  4 |
---------------+-------------+-----
Spellcasting   | 3 4 |  4.3
Polearms       | 1 |  1.7
Dodging        | |  2.6
Stealth        | |  2.1
Summonings     | |  4.0

Action                   |  1- 3 |  4- 6 || total
-------------------------+-------+-------++-------
Melee: Unarmed           |     2 |       ||     2
       Halberd           |    52 |    26 ||    78
       Staff             |       |     7 ||     7
Throw: Javelin           |    15 |       ||    15
 Cast: Summon Small Mamm |    25 |    17 ||    42
       Call Imp          |     6 |     6 ||    12
       Summon Guardian G |     4 |     4 ||     8
       Call Canine Famil |       |     9 ||     9
  Use: Scroll            |     6 |     2 ||     8
 Stab: Distracted        |     1 |       ||     1
       Sleeping          |     1 |     1 ||     2
  Eat: Chunk             |     1 |     3 ||     4
       Ration            |       |     2 ||     2
Armor: Robe              |    18 |     6 ||    24
Dodge: Dodged            |    57 |    42 ||    99

Table legend:
 A = Spawn XP
 B = Non-spawn XP
 C = Spawn XP percentage of total XP
 D = Spawn monster count
 E = Non-spawn monster count
 F = Spawn count percentage of total count
 G = Total turns spent on level
                    A         B        C        D         E        F      G
               +---------+---------+-------+---------+---------+-------+---------
         Total |       0 |     149 |   0.0 |       0 |      58 |   0.0 |  3619
               +---------+---------+-------+---------+---------+-------+---------
           D:1 |       0 |      55 |   0.0 |       0 |      25 |   0.0 |   860
           D:2 |       0 |      65 |   0.0 |       0 |      20 |   0.0 |  2272
           D:3 |       0 |      29 |   0.0 |       0 |      13 |   0.0 |   487
               +---------+---------+-------+---------+---------+-------+---------
